[Event "Titled Tuesday Blitz March 28 Late 2023"]
[White "Vedder, Richard"]
[Black "Skaric, Djuro"]
[WhiteFideId "1004166"]
[BlackFideId "934569"]
[WhiteElo "2168"]
[BlackElo "2282"]
[Result "0-1"]
[Round "10"]
[TimeControl "180+2"]
[Date "2023.03.28"]
[WhiteClock "0:02:27"]
[BlackClock "0:01:52"]

1. d4 d6 2. e4 g6 3. Nc3 Bg7 4. Nf3 Nf6 5. Be2 O-O 6. O-O Nc6 7. Be3 e5 8. d5 Ne7 9. h3 h6 10. Qd2 Kh7 11. Rfe1 Ne8 12. Bd3 f5 13. Qe2 f4 14. Bd2 g5 15. Nh2 Nf6 16. f3 h5 17. Nd1 Rf7 18. Nf2 Bf8 19. c4 Rg7 20. Kh1 Neg8 21. b4 Nh6 22. Rac1 g4 23. fxg4 hxg4 24. hxg4 Nfxg4 25. Nfxg4 Nxg4 26. Nxg4 Bxg4 27. Qf2 Be7 28. Kg1 Bh4 29. Qf1 Qg5 30. Be2 Rag8 31. Bxg4 Qxg4 32. Re2 f3 0-1


[Site "https://www.chess.com"]

[Event "Titled Tuesday Blitz March 28 Late 2023"]
[White "Abduzhaparov"]
[Black "Kohler, Aran"]
[BlackFideId "1002856"]
[WhiteElo "2391"]
[BlackElo "2310"]
[Result "1-0"]
[Round "10"]
[TimeControl "180+2"]
[Date "2023.03.28"]
[WhiteClock "0:00:36"]
[BlackClock "0:00:49"]

1. Nf3 Nf6 2. c4 b6 3. g3 Bb7 4. Bg2 e6 5. O-O c5 6. Nc3 Be7 7. d4 cxd4 8. Qxd4 Nc6 9. Qd2 O-O 10. Rd1 Na5 11. b3 Rc8 12. Bb2 Bb4 13. Qd3 d5 14. cxd5 Nxd5 15. Nxd5 Qxd5 16. Qe3 Qh5 17. Rd7 Bc5 18. Qf4 Ba6 19. Re1 Nc6 20. Ng5 h6 21. Nxe6 fxe6 22. Rxg7+ Kh8 23. Rg5+ 1-0


[Site "https://www.chess.com"]

[Event "Titled Tuesday Blitz March 28 Late 2023"]
[White "Wang, Alexander J"]
[Black "Krstulovic, Alex"]
[WhiteFideId "30955270"]
[BlackFideId "760056"]
[WhiteElo "2307"]
[BlackElo "2311"]
[Result "0-1"]
[Round "10"]
[TimeControl "180+2"]
[Date "2023.03.28"]
[WhiteClock "0:00:45"]
[BlackClock "0:02:02"]

1. e4 c5 2. Nf3 e6 3. d4 cxd4 4. Nxd4 Nf6 5. Nc3 Nc6 6. g3 Qb6 7. Nxc6 bxc6 8. Bg2 Ba6 9. Ne2 Bc5 10. O-O Ng4 11. b4 Bxf2+ 12. Kh1 Be3 13. Bxe3 Nxe3 14. Qd2 Nxf1 15. Rxf1 Bxe2 16. Qxe2 Qxb4 17. Qf2 O-O 18. Qf4 f5 19. Qe3 fxe4 20. Rxf8+ Rxf8 21. h4 d5 22. Qxa7 Qe1+ 23. Kh2 Qf2 24. Qd7 e3 25. Qxe6+ Kh8 26. Qxc6 e2 27. Qxd5 e1=Q 28. Qd6 Qeg1+ 29. Kh3 Qgxg2+ 30. Kg4 Qff3+ 31. Kg5 Qf5# 0-1


[Site "https://www.chess.com"]

[Event "Titled Tuesday Blitz March 28 Late 2023"]
[White "Jimenez, Joaquin"]
[Black "Kubatko, Ivan"]
[WhiteFideId "109860"]
[BlackFideId "24111473"]
[WhiteElo "2163"]
[BlackElo "2285"]
[Result "1-0"]
[Round "10"]
[TimeControl "180+2"]
[Date "2023.03.28"]
[WhiteClock "0:00:38"]
[BlackClock "0:00:02"]

1. c4 e6 2. Nc3 d5 3. d4 c5 4. cxd5 cxd4 5. Qxd4 Nc6 6. Qa4 exd5 7. Nf3 d4 8. Ne4 Nf6 9. Bg5 Bb4+ 10. Nfd2 Nxe4 11. Bxd8 Bxd2+ 12. Kd1 Kxd8 13. f3 Nf2+ 14. Kxd2 Nxh1 15. Ke1 Re8 16. Rd1 Bd7 17. g3 b5 18. Qxb5 Rb8 19. Qg5+ Kc8 20. Qd2 d3 21. Qxd3 Rd8 22. Bg2 Be6 23. Qc2 Rxd1+ 24. Kxd1 Kd7 25. Bxh1 Nb4 26. Qa4+ Kd6 27. Ke1 Bd5 28. Qxa7 Rc8 29. Qb6+ Nc6 30. Kf2 Rb8 31. Qe3 Rxb2 32. Bg2 Bc4 33. Qa3+ Rb4 34. f4 Bd5 35. e4 Bc4 36. e5+ Kc5 37. Bxc6 1-0


[Site "https://www.chess.com"]

[Event "Titled Tuesday Blitz March 28 Late 2023"]
[White "Fernandez, Maria Florencia"]
[Black "Sarkar, Justin"]
[WhiteFideId "116459"]
[BlackFideId "2010011"]
[WhiteElo "2155"]
[BlackElo "2189"]
[Result "0-1"]
[Round "10"]
[TimeControl "180+2"]
[Date "2023.03.28"]
[WhiteClock "0:00:04"]
[BlackClock "0:00:04"]

1. d4 Nf6 2. c4 e6 3. Nc3 Bb4 4. a3 Bxc3+ 5. bxc3 Ne4 6. f3 Qh4+ 7. g3 Nxg3 8. hxg3 Qxh1 9. Kf2 Qh5 10. e4 d6 11. Bg2 Qa5 12. Ne2 e5 13. Be3 Nd7 14. f4 Nf6 15. Kg1 Ng4 16. Bd2 h5 17. f5 h4 18. gxh4 Rxh4 19. Qe1 Rh7 20. Qg3 Nf6 21. c5 Bd7 22. cxd6 cxd6 23. Be1 O-O-O 24. c4 Qc7 25. c5 Nh5 26. Qb3 dxc5 27. dxc5 f6 28. Bf2 Bc6 29. a4 Nf4 30. Nxf4 exf4 31. a5 a6 32. Rb1 Qxa5 33. Qe6+ Bd7 34. Qf7 Re8 35. Qg6 Rhh8 36. Qf7 Bc6 37. Rd1 Qc7 38. Qc4 Rd8 39. Rc1 Rhe8 40. Bf3 Qe5 41. Rb1 Bxe4 42. Bxe4 Qxe4 43. Qb3 Qd5 44. c6 Qxb3 45. Rxb3 bxc6 46. Rb6 Rd1+ 47. Kg2 Kc7 48. Rxa6 Re2 49. Kf3 Rdd2 50. Ra7+ Kb8 51. Bc5 Rc2 52. Ra5 Red2 53. Kxf4 Rc4+ 54. Ke3 Rd5 55. Ba7+ Kb7 56. Ra3 Rxf5 57. Bd4 Rb5 58. Ra7+ Kb8 59. Rxg7 Rb3+ 60. Ke4 Rbb4 61. Rd7 c5 62. Kf5 Rxd4 63. Rf7 c4 64. Kxf6 c3 65. Ke5 Rdc4 66. Rf8+ Rc8 67. Kd5 c2 68. Rf1 c1=Q 69. Rf5 Rc5+ 70. Kd6 Rxf5 71. Ke6 Qc6+ 72. Ke7 Qc7+ 73. Ke6 Qf7+ 74. Kd6 Rd5+ 75. Kc6 Qd7# 0-1


[Site "https://www.chess.com"]

[Event "Titled Tuesday Blitz March 28 Late 2023"]
[White "Rottenwohrer Suarez, Juan"]
[Black "Osmonbekov, Talaibek"]
[WhiteFideId "32068182"]
[BlackFideId "2017253"]
[WhiteElo "2174"]
[BlackElo "2135"]
[Result "0-1"]
[Round "10"]
[TimeControl "180+2"]
[Date "2023.03.28"]
[WhiteClock "0:00:09"]
[BlackClock "0:00:57"]

1. e4 c5 2. Nf3 d6 3. d4 cxd4 4. Nxd4 Nf6 5. Nc3 g6 6. Be3 Bg7 7. f3 O-O 8. Qd2 Nc6 9. O-O-O d5 10. Qe1 e5 11. Nxc6 bxc6 12. exd5 Nxd5 13. Bc4 Be6 14. Bb3 Qc7 15. Ne4 Nxe3 16. Qxe3 Bxb3 17. Qxb3 Rab8 18. Qa3 f5 19. Nc5 e4 20. c3 Qf4+ 21. Kb1 exf3 22. gxf3 Rfe8 23. Rd3 Re2 24. b3 Rbe8 25. Rhd1 Re1 26. Qxa7 Rxd1+ 27. Rxd1 Qxf3 28. Rd7 Qxc3 0-1


[Site "https://www.chess.com"]

[Event "Titled Tuesday Blitz March 28 Late 2023"]
[White "Mendez Machado, Andre"]
[Black "Torrente, Alejandro Josue"]
[WhiteFideId "6603793"]
[BlackFideId "4437969"]
[WhiteElo "1984"]
[BlackElo "2025"]
[Result "1-0"]
[Round "10"]
[TimeControl "180+2"]
[Date "2023.03.28"]
[WhiteClock "0:00:09"]
[BlackClock "0:01:07"]

1. e4 e5 2. Nf3 Nc6 3. Bc4 Bc5 4. c3 Nf6 5. d4 exd4 6. b4 Bb6 7. e5 d5 8. exf6 dxc4 9. Qe2+ Be6 10. b5 d3 11. Qe4 Qd5 12. Qxd5 Bxd5 13. bxc6 gxf6 14. cxb7 Bxb7 15. Nbd2 Bd5 16. Ba3 Rg8 17. g3 Kd7 18. O-O Rae8 19. Rfe1 h5 20. Nh4 Ba5 21. Bb2 Re6 22. Ndf3 Bb6 23. Kf1 Rge8 24. Bc1 Re2 25. Rxe2 Rxe2 26. Nd4 Bxd4 27. cxd4 c3 28. Be3 Bc4 29. Kg2 d2 30. Nf3 Bd5 31. Rd1 1-0


[Site "https://www.chess.com"]

[Event "Titled Tuesday Blitz March 28 Late 2023"]
[White "Araujo, Everson De Moura"]
[Black "Lorenzo De La Riva, Lazaro"]
[WhiteFideId "22737197"]
[BlackFideId "2268809"]
[WhiteElo "2035"]
[BlackElo "2294"]
[Result "0-1"]
[Round "10"]
[TimeControl "180+2"]
[Date "2023.03.28"]
[WhiteClock "0:00:25"]
[BlackClock "0:01:38"]

1. c4 b6 2. Nc3 Bb7 3. d4 f5 4. Qc2 g6 5. Bf4 Bg7 6. O-O-O Nf6 7. f3 Nc6 8. e4 fxe4 9. fxe4 O-O 10. a3 Ng4 11. Nd5 Nxd4 12. Rxd4 Bxd4 13. Bxc7 Qe8 14. Bg3 Rxf1+ 15. Kd2 Rxg1 16. Rxg1 Bxg1 17. Nc7 Qf7 18. Nxa8 Qf1 19. Nc7 Qxg2+ 20. Kc3 Qxe4 21. Qd1 Qe3+ 22. Kb4 a5+ 0-1


[Site "https://www.chess.com"]

[Event "Titled Tuesday Blitz March 28 Late 2023"]
[White "Nikolova, Adriana"]
[Black "Khatena, Moshe"]
[WhiteFideId "2908689"]
[BlackFideId "2010461"]
[WhiteElo "2213"]
[BlackElo "2174"]
[Result "1-0"]
[Round "10"]
[TimeControl "180+2"]
[Date "2023.03.28"]
[WhiteClock "0:00:16"]
[BlackClock "0:00:01"]

1. d4 b5 2. Bf4 Bb7 3. e3 a6 4. Nf3 d6 5. Bd3 Nf6 6. O-O Nbd7 7. c4 c6 8. a4 g6 9. axb5 axb5 10. Rxa8 Qxa8 11. cxb5 Bg7 12. bxc6 Bxc6 13. Nc3 O-O 14. Bg5 Rb8 15. Qc2 Qb7 16. d5 Nxd5 17. Nxd5 Bxd5 18. e4 Bb3 19. Qe2 Nc5 20. Bb1 Ne6 21. Bh4 Qb4 22. Bxe7 Re8 23. Bg5 Nc5 24. Bd2 Qa4 25. Re1 Bxb2 26. h4 Bg7 27. h5 Bc4 28. Qe3 Nb3 29. Bc3 Qc6 30. Bxg7 Kxg7 31. h6+ Kg8 32. Qc3 f6 33. Qxf6 Qd7 34. Qc3 Be6 35. e5 Rc8 36. Qe3 Nc5 37. exd6 Qxd6 38. Ng5 Rf8 39. Nxe6 Nxe6 40. Ba2 Rf6 41. Bxe6+ Kf8 42. Bb3 1-0


[Site "https://www.chess.com"]

[Event "Titled Tuesday Blitz March 28 Late 2023"]
[White "Buchenau, Frank"]
[Black "lluiss"]
[WhiteFideId "4604350"]
[WhiteElo "2157"]
[BlackElo "2195"]
[Result "1/2-1/2"]
[Round "10"]
[TimeControl "180+2"]
[Date "2023.03.28"]
[WhiteClock "0:00:11"]
[BlackClock "0:00:11"]

1. e4 c5 2. Nf3 d6 3. Bb5+ Nd7 4. O-O a6 5. Bd3 b5 6. c4 b4 7. a3 bxa3 8. Rxa3 Bb7 9. Nc3 e5 10. Bc2 Ngf6 11. Re1 Be7 12. d3 O-O 13. Be3 Ng4 14. Bd2 Ngf6 15. Ne2 Nh5 16. b4 h6 17. bxc5 dxc5 18. Nc3 Nf4 19. Nxe5 Nxe5 20. Bxf4 Ng6 21. Be3 Bd6 22. Nd5 Bxd5 23. cxd5 Qc7 24. g3 f5 25. exf5 Ne5 26. Rc3 Qa5 27. Qa1 Qxa1 28. Rxa1 Rxf5 29. Bxc5 Nf3+ 30. Kg2 Be5 31. d4 Nxd4 32. Bxf5 Nxf5 33. Rcc1 Bxa1 34. Rxa1 Rc8 35. Ra5 Rd8 36. Be3 Ne7 37. d6 Rxd6 38. Bc5 Re6 39. Bxe7 Rxe7 40. Rxa6 Rd7 41. h4 Rd3 42. h5 Kh7 43. Kh3 Rd2 44. f4 Rd7 45. Kg4 Rd5 46. Ra7 Rc5 47. Kh4 Rc4 48. Kg4 Rc5 49. Kf3 Rc3+ 50. Kg4 Rc5 1/2-1/2


[Site "https://www.chess.com"]

[Event "Titled Tuesday Blitz March 28 Late 2023"]
[White "Rian, Kapriaga"]
[Black "Manu_ChessExcelsior"]
[WhiteFideId "7103263"]
[WhiteElo "2363"]
[BlackElo "2118"]
[Result "0-1"]
[Round "10"]
[TimeControl "180+2"]
[Date "2023.03.28"]
[WhiteClock "0:00:02"]
[BlackClock "0:00:16"]

1. d4 d5 2. Bf4 c5 3. e3 cxd4 4. exd4 Nc6 5. c3 Bf5 6. Nf3 h6 7. Nbd2 e6 8. Be2 Nf6 9. O-O Bd6 10. Bg3 O-O 11. Re1 Qc7 12. a4 Ne4 13. Nxe4 Bxe4 14. Bd3 Bxd3 15. Qxd3 Bxg3 16. hxg3 Rac8 17. Re2 Qb6 18. g4 Na5 19. g5 hxg5 20. Nxg5 g6 21. Rae1 Kg7 22. Nxe6+ fxe6 23. Rxe6 Rf6 24. Rxb6 Rxb6 25. Re7+ Kf6 26. Qe2 Nc4 27. g4 Rcc6 28. f4 Re6 29. g5+ Kxe7 30. Qd3 Re4 31. Qh3 Rxb2 32. Qh7+ Kd6 33. Qxg6+ Re6 34. Qg7 Re1# 0-1


[Site "https://www.chess.com"]

[Event "Titled Tuesday Blitz March 28 Late 2023"]
[White "Jorajuria Mendoza, Algol"]
[Black "Adel, Sara"]
[WhiteFideId "5128897"]
[BlackFideId "10616764"]
[WhiteElo "2076"]
[BlackElo "1982"]
[Result "1-0"]
[Round "10"]
[TimeControl "180+2"]
[Date "2023.03.28"]
[WhiteClock "0:01:51"]
[BlackClock "0:02:07"]

1. e4 c6 2. Nf3 d5 3. d3 dxe4 4. dxe4 Qxd1+ 5. Kxd1 Nf6 6. Nfd2 Nbd7 7. f3 e5 8. Bc4 Bc5 9. Nb3 b5 10. Bd3 Bb6 11. a4 bxa4 12. Rxa4 Nc5 13. Nxc5 Bxc5 14. b4 Bb6 15. Nd2 O-O 16. Nc4 Bd4 17. Be3 Be6 18. Ke2 c5 19. Bxd4 cxd4 20. Nxe5 Rfb8 21. Nc6 Rb7 22. Nxd4 Bd7 23. b5 Rc8 24. Rha1 Ne8 25. Rxa7 Rxa7 26. Rxa7 Be6 27. b6 Nd6 28. b7 Rb8 29. Ra8 1-0


[Site "https://www.chess.com"]

[Event "Titled Tuesday Blitz March 28 Late 2023"]
[White "Pirvulescu, Ekaterina"]
[Black "Torres Boch, Jose Francisco"]
[WhiteFideId "13506374"]
[BlackFideId "2278383"]
[WhiteElo "2006"]
[BlackElo "2073"]
[Result "0-1"]
[Round "10"]
[TimeControl "180+2"]
[Date "2023.03.28"]
[WhiteClock "0:00:01"]
[BlackClock "0:01:09"]

1. e4 c5 2. a3 d5 3. exd5 Nf6 4. Nc3 Nxd5 5. Nxd5 Qxd5 6. Nf3 Bg4 7. Be2 Nc6 8. O-O e6 9. h3 Bh5 10. b4 cxb4 11. axb4 Bxb4 12. c3 Be7 13. d4 O-O 14. c4 Qf5 15. Bb2 Rfd8 16. g4 Bxg4 17. hxg4 Qxg4+ 18. Kh1 Bf6 19. Nh2 Qh4 20. f4 Bxd4 21. Bxd4 Rxd4 22. Qe1 Rxf4 23. Qxh4 Rxh4 24. Kg2 f5 25. Rfd1 Rd4 26. Nf3 Rxd1 27. Rxd1 Rd8 28. Rxd8+ Nxd8 29. Nd4 Kf7 30. Nb5 a6 31. Nd4 Kf6 32. Kf3 e5 33. Nb3 Ne6 34. c5 g5 35. c6 bxc6 36. Bxa6 g4+ 37. Kg3 Kg5 38. Bb7 f4+ 39. Kg2 c5 40. Bd5 f3+ 41. Kf2 Nf4 42. Be4 c4 43. Nd2 c3 44. Nc4 Kf6 45. Bxh7 Ng6 46. Bxg6 Kxg6 47. Nxe5+ Kf5 48. Nd3 Ke4 49. Nc1 c2 50. Kg3 Ke3 0-1


[Site "https://www.chess.com"]

[Event "Titled Tuesday Blitz March 28 Late 2023"]
[White "Skibbe, Willi"]
[Black "dorpato"]
[WhiteFideId "4682190"]
[WhiteElo "2310"]
[BlackElo "2071"]
[Result "1-0"]
[Round "10"]
[TimeControl "180+2"]
[Date "2023.03.28"]
[WhiteClock "0:00:24"]
[BlackClock "0:00:07"]

1. f4 d5 2. Nf3 c5 3. g3 Nc6 4. Bg2 h6 5. O-O Bf5 6. d3 e6 7. c3 Nf6 8. h3 Be7 9. Qe1 Qc7 10. Nbd2 Bh7 11. e4 dxe4 12. dxe4 O-O-O 13. e5 Nd5 14. Ne4 Bxe4 15. Qxe4 g6 16. a4 h5 17. h4 Na5 18. Nd2 Kb8 19. Rb1 Rd7 20. Qc2 Rhd8 21. Ne4 c4 22. Kh2 Nb3 23. Nd2 Ne3 24. Qe4 Nxf1+ 25. Nxf1 Rd1 26. Qc2 Nxc1 27. Rxc1 Rxc1 28. Qxc1 Bc5 29. Qc2 Qb6 30. Nd2 Qa6 31. Ne4 Be7 32. Nf2 Qb6 33. Ne4 Qb3 34. Qe2 a6 35. a5 Qd1 36. Qe3 Qd5 37. Nd6 Qd3 38. Qb6 Rd7 39. Nxb7 Qd2 40. Nc5+ Kc8 41. Nxd7 Kxd7 42. Qxa6 Bc5 43. Qc6+ Kd8 44. Qxc5 Ke8 45. Qxc4 Kf8 46. a6 Qxb2 47. a7 Kg7 48. a8=Q Qd2 49. Qf3 Qe1 50. Qfd3 Qf2 51. Qf1 Qd2 52. Qc5 Qb2 53. Qe7 Qxc3 54. Qxe6 fxe6 55. Qf3 Qc7 56. Qb7 Qxb7 57. Bxb7 Kf7 58. Bc8 Ke7 59. Kg2 Kf7 60. Kf3 Ke7 61. Ke4 Kf7 62. Bb7 Ke7 63. Kd4 Kd7 64. Kc5 Kc7 65. Ba6 Kd7 66. Bb5+ Ke7 67. Kc6 g5 68. fxg5 Kf7 69. Kd6 Kg6 70. Bd3+ Kg7 71. Kd7 Kh8 72. Kd6 Kg7 73. Kxe6 Kh8 74. Kf6 Kg8 75. e6 Kh8 76. e7 Kg8 77. e8=Q# 1-0


[Site "https://www.chess.com"]

[Event "Titled Tuesday Blitz March 28 Late 2023"]
[White "Fajdetic, Hrvoje"]
[Black "Matute Escobar, Roxanny"]
[WhiteFideId "14501945"]
[BlackFideId "3926028"]
[WhiteElo "2185"]
[BlackElo "1732"]
[Result "1-0"]
[Round "10"]
[TimeControl "180+2"]
[Date "2023.03.28"]
[WhiteClock "0:00:46"]
[BlackClock "0:00:09"]

1. f4 Nf6 2. Nf3 g6 3. d3 d5 4. e3 Bg7 5. Be2 O-O 6. O-O c5 7. Qe1 Nc6 8. Nbd2 Nb4 9. Bd1 d4 10. e4 b5 11. Qh4 Bb7 12. f5 c4 13. Ne5 cxd3 14. cxd3 Qd6 15. Ndf3 Nh5 16. a3 Bxe5 17. Nxe5 Qxe5 18. axb4 Rfc8 19. Bxh5 gxh5 20. Bf4 Qg7 21. Rac1 Qg4 22. Qxe7 Bc6 23. Qf6 Bb7 24. Be5 Kf8 25. Qh6+ Kg8 26. Rxc8+ Rxc8 27. h3 Rc6 28. Qxc6 1-0


[Site "https://www.chess.com"]

[Event "Titled Tuesday Blitz March 28 Late 2023"]
[White "Pein, Jonathan"]
[Black "Torres Dominguez, David"]
[WhiteFideId "417092"]
[BlackFideId "2220857"]
[WhiteElo "2151"]
[BlackElo "1999"]
[Result "0-1"]
[Round "10"]
[TimeControl "180+2"]
[Date "2023.03.28"]
[WhiteClock "0:00:28"]
[BlackClock "0:00:05"]

1. Nf3 d5 2. g3 Nc6 3. Bg2 Bg4 4. O-O Qd7 5. c4 dxc4 6. Qa4 e5 7. Nc3 O-O-O 8. Qxc4 f6 9. b4 Bh3 10. b5 Nd4 11. Nxd4 exd4 12. Bxh3 Qxh3 13. Nd5 Bd6 14. d3 Ne7 15. Nxe7+ Bxe7 16. Bf4 Bd6 17. Bxd6 Rxd6 18. Rfc1 Qd7 19. a4 Kb8 20. a5 h5 21. b6 cxb6 22. axb6 a6 23. Qa4 Qxa4 24. Rxa4 Rxb6 25. Rxd4 Rb2 26. e3 Rc8 27. Rcc4 Rc2 28. Rxc2 Rxc2 29. Rd7 Rc7 30. Rd8+ Ka7 31. d4 a5 32. d5 a4 33. d6 Rc1+ 34. Kg2 a3 35. d7 Rd1 36. Rc8 Rxd7 37. Rc3 b5 38. Rxa3+ Kb6 39. Rb3 Kc5 40. Kf3 b4 41. Kf4 Kc4 42. Rb1 g6 43. f3 b3 44. h4 Kc3 45. g4 b2 46. gxh5 gxh5 47. Kf5 Kc2 48. Rxb2+ Kxb2 49. Kxf6 Rd3 50. Kg5 Rxe3 51. f4 Rf3 52. f5 Kc3 53. f6 Kd4 54. Kg6 Ke5 55. f7 Ke6 56. Kxh5 Rxf7 57. Kg6 Ke7 58. h5 Kf8 59. h6 Kg8 60. Kg5 Rh7 61. Kg6 Kh8 62. Kh5 Kg8 63. Kg6 Rh8 64. Kg5 Kf7 65. Kf5 Rxh6 66. Kg5 Rg6+ 67. Kf5 Rf6+ 68. Ke5 Rf1 69. Ke4 Kf6 70. Ke3 Kf5 71. Ke2 Rf4 72. Kd3 Rh4 73. Ke3 Rg4 74. Kf2 Ra4 75. Kf3 Ke5 76. Kg3 Kf5 77. Kg2 Kf4 78. Kf2 Ra2+ 79. Ke1 Kf3 80. Kd1 Rh2 81. Kc1 Ke3 82. Kd1 Rg2 83. Kc1 Kd3 84. Kb1 Kc3 85. Ka1 Kb3 86. Kb1 Rg1# 0-1


[Site "https://www.chess.com"]

[Event "Titled Tuesday Blitz March 28 Late 2023"]
[White "Ozalp, Burak"]
[Black "Narva, Triin"]
[WhiteFideId "6314210"]
[BlackFideId "4502680"]
[WhiteElo "2106"]
[BlackElo "1944"]
[Result "1-0"]
[Round "10"]
[TimeControl "180+2"]
[Date "2023.03.28"]
[WhiteClock "0:00:06"]
[BlackClock "0:00:02"]

1. Nf3 g6 2. g3 Bg7 3. Bg2 Nf6 4. O-O O-O 5. c4 d6 6. Nc3 e5 7. d3 Nc6 8. Rb1 a5 9. a3 Bg4 10. b4 axb4 11. axb4 Qd7 12. Re1 Bh3 13. Bh1 Nh5 14. Nd5 Rab8 15. Ng5 Be6 16. b5 Ne7 17. Nxe7+ Qxe7 18. Nxe6 Qxe6 19. Bd5 Qe7 20. e3 Kh8 21. Bf3 Nf6 22. Bb2 Nd7 23. d4 e4 24. Bg2 f5 25. f3 Qf7 26. fxe4 Qxc4 27. exf5 Rxf5 28. Qe2 Qxe2 29. Rxe2 Rxb5 30. Rc1 c6 31. Bc3 Nf6 32. Ra2 Re8 33. Bd2 Ng4 34. Bf1 Rb3 35. Re1 Rb6 36. h3 Nf6 37. Bd3 Nd5 38. Ra7 Nb4 39. Bb1 c5 40. dxc5 dxc5 41. e4 Bd4+ 42. Kh1 c4 43. Bf4 c3 44. Rc1 Bf6 45. Ra4 Nc6 46. Rc4 1-0


[Site "https://www.chess.com"]

[Event "Titled Tuesday Blitz March 28 Late 2023"]
[White "Prieto Aranguren, Alain"]
[Black "Barria Santos, Jose Guilherme"]
[WhiteFideId "2268906"]
[BlackFideId "1939300"]
[WhiteElo "2209"]
[BlackElo "2301"]
[Result "1-0"]
[Round "10"]
[TimeControl "180+2"]
[Date "2023.03.28"]
[WhiteClock "0:02:40"]
[BlackClock "0:01:53"]

1. e4 c6 2. d4 d5 3. exd5 cxd5 4. Nf3 Nc6 5. Bd3 Bg4 6. c3 e6 7. O-O Nf6 8. Nbd2 Bd6 9. Re1 O-O 10. Qa4 a6 11. Ne5 Bxe5 12. dxe5 Nd7 13. Qxg4 Ndxe5 14. Qe2 Qf6 15. Nf3 Nxd3 16. Qxd3 Rad8 17. Bg5 1-0


[Site "https://www.chess.com"]

[Event "Titled Tuesday Blitz March 28 Late 2023"]
[White "Toma, Katarzyna"]
[Black "ritanovikova"]
[WhiteFideId "1119907"]
[WhiteElo "2149"]
[BlackElo "2217"]
[Result "0-1"]
[Round "10"]
[TimeControl "180+2"]
[Date "2023.03.28"]
[WhiteClock "0:00:01"]
[BlackClock "0:00:22"]

1. e4 d5 2. exd5 Qxd5 3. Nc3 Qd6 4. d4 Nf6 5. Nb5 Qd8 6. c4 a6 7. Nc3 g6 8. Be2 Bg7 9. h3 O-O 10. Nf3 b6 11. Be3 Bb7 12. Qd2 Re8 13. O-O-O Nbd7 14. Qc2 Qc8 15. g4 e5 16. g5 Nh5 17. Rhg1 Nf4 18. Nxe5 Nxe2+ 19. Nxe2 Nxe5 20. dxe5 Bxe5 21. Bd4 Qxh3 22. Bxe5 Rxe5 23. Nf4 Qf5 24. Nd3 Be4 25. Rg3 Rd8 26. Qc3 Bxd3 27. Rgxd3 Rxd3 28. Rxd3 Qxg5+ 29. Kc2 Qe7 30. f4 Re2+ 31. Kb3 Re6 32. f5 Rd6 33. fxg6 fxg6 34. Rf3 a5 35. a3 Re6 36. Ka2 a4 37. Qd4 Rd6 38. Qf4 Rd8 39. Re3 Qf7 40. Qe4 b5 41. Rc3 bxc4 42. Rxc4 c5 43. Qc2 Rd4 44. b3 axb3+ 45. Kxb3 Rxc4 46. Qxc4 Qxc4+ 47. Kxc4 h5 48. a4 h4 49. a5 h3 50. a6 h2 51. a7 h1=Q 52. a8=Q+ Qxa8 0-1


[Site "https://www.chess.com"]

[Event "Titled Tuesday Blitz March 28 Late 2023"]
[White "Dahlgren, James Allen"]
[Black "dDobravcan"]
[WhiteFideId "22256873"]
[WhiteElo "2196"]
[BlackElo "2135"]
[Result "1-0"]
[Round "10"]
[TimeControl "180+2"]
[Date "2023.03.28"]
[WhiteClock "0:00:18"]
[BlackClock "0:00:04"]

1. f4 d6 2. e4 c6 3. Nf3 Nf6 4. Nc3 Qa5 5. Be2 e5 6. O-O Be7 7. d4 Nbd7 8. Kh1 O-O 9. Be3 Re8 10. a3 Bf8 11. fxe5 dxe5 12. d5 Qc7 13. Bc4 Nc5 14. Ng5 h6 15. d6 Bxd6 16. Nxf7 Be6 17. Nxd6 Bxc4 18. Nxc4 Ne6 19. Bxh6 Rad8 20. Qe1 gxh6 21. Rxf6 Qg7 22. Qf2 Nf4 23. Rxf4 exf4 24. Qxf4 Rf8 25. Qe3 Qg5 26. Qxg5+ hxg5 27. e5 Rd4 28. Nd6 b6 29. Re1 Rf2 30. Nce4 1-0


[Site "https://www.chess.com"]

[Event "Titled Tuesday Blitz March 28 Late 2023"]
[White "Necula, Iulian"]
[Black "Stanisz, Patryk"]
[WhiteFideId "1232380"]
[BlackFideId "1123106"]
[WhiteElo "1790"]
[BlackElo "2069"]
[Result "1-0"]
[Round "10"]
[TimeControl "180+2"]
[Date "2023.03.28"]
[WhiteClock "0:00:21"]
[BlackClock "0:00:01"]

1. d4 d5 2. Nc3 c6 3. Bf4 Nf6 4. e3 Bf5 5. f3 h6 6. g4 Bh7 7. h4 Qb6 8. Qc1 e6 9. a3 a5 10. Bd3 Bxd3 11. cxd3 Nfd7 12. Nge2 c5 13. dxc5 Nxc5 14. Qc2 Nc6 15. O-O Nb3 16. Rad1 a4 17. d4 Be7 18. Bg3 Qa6 19. e4 dxe4 20. fxe4 O-O 21. d5 exd5 22. Nxd5 Bc5+ 23. Kh2 Rad8 24. Nef4 Ncd4 25. Qg2 Bd6 26. g5 hxg5 27. hxg5 Rc8 28. Kh3 Rc2 29. Rf2 Rxf2 30. Qxf2 b5 31. Rxd4 Bc5 32. Ne2 Nxd4 33. Nxd4 Qa7 34. Be5 Re8 35. Nf6+ gxf6 36. Qxf6 Qd7+ 37. Nf5 Qd3+ 38. Bg3 Bf8 39. g6 Qxe4 40. Qxf7+ Kh8 41. Qh7# 1-0


[Site "https://www.chess.com"]

[Event "Titled Tuesday Blitz March 28 Late 2023"]
[White "Bongo Akanga Ndjila, Barthelemy"]
[Black "Oliveira, Tiago Batista"]
[WhiteFideId "10609431"]
[BlackFideId "2108291"]
[WhiteElo "1768"]
[BlackElo "1962"]
[Result "0-1"]
[Round "10"]
[TimeControl "180+2"]
[Date "2023.03.28"]
[WhiteClock "0:01:45"]
[BlackClock "0:00:37"]

1. d4 Nf6 2. c4 g6 3. Nc3 d5 4. Nf3 Bg7 5. Bf4 O-O 6. e3 c5 7. dxc5 Qa5 8. Be2 Ne4 9. O-O Nxc3 10. bxc3 dxc4 11. Bxc4 Qxc5 12. Bb3 Nc6 13. Rc1 Rd8 14. Qe2 Qh5 15. h3 e5 16. Bh2 b6 17. Rfd1 Bb7 18. Qc4 Qf5 19. Nh4 Qf6 20. Nf3 Na5 21. Qb5 Nxb3 22. axb3 Bxf3 23. gxf3 Rxd1+ 24. Rxd1 Qxf3 25. Rd7 Qxh3 26. Bxe5 Bxe5 27. Qd5 Bh2+ 28. Kh1 Bg3+ 29. Kg1 Qh2+ 30. Kf1 Qxf2# 0-1


[Site "https://www.chess.com"]

[Event "Titled Tuesday Blitz March 28 Late 2023"]
[White "Vargas, Mauricio"]
[Black "Maluco_do_Natal_00"]
[WhiteFideId "4404572"]
[WhiteElo "2025"]
[BlackElo "2026"]
[Result "1-0"]
[Round "10"]
[TimeControl "180+2"]
[Date "2023.03.28"]
[WhiteClock "0:01:33"]
[BlackClock "0:00:05"]

1. e4 c5 2. Nf3 Nc6 3. d4 cxd4 4. Nxd4 Nf6 5. c3 e5 6. Nxc6 bxc6 7. f3 Be7 8. Be3 O-O 9. Bc4 d5 10. exd5 cxd5 11. Bb3 a5 12. Bc2 Ba6 13. Bd3 Bxd3 14. Qxd3 Qb8 15. b3 Rc8 16. O-O Qc7 17. Qf5 a4 18. b4 a3 19. Bc1 Bd6 20. Bxa3 Rxa3 21. Nxa3 g6 22. Qxf6 Qa7+ 23. Kh1 Rc6 24. Qd8+ Kg7 25. Nb5 Qb6 26. Qxb6 Rxb6 27. Nxd6 Rxd6 28. a4 1-0


[Site "https://www.chess.com"]

[Event "Titled Tuesday Blitz March 28 Late 2023"]
[White "Sanchez, Robert"]
[Black "Burke, Paul"]
[WhiteFideId "2034360"]
[BlackFideId "2605767"]
[WhiteElo "2058"]
[BlackElo "1941"]
[Result "0-1"]
[Round "10"]
[TimeControl "180+2"]
[Date "2023.03.28"]
[WhiteClock "0:02:42"]
[BlackClock "0:02:43"]

1. e4 e5 2. Nf3 Nc6 3. Bb5 f5 4. d3 Nf6 5. O-O Be7 6. Bc4 d6 7. a3 f4 8. d4 Bg4 9. c3 exd4 10. Re1 Ne5 11. Nxe5 Bxd1 0-1


[Site "https://www.chess.com"]